 Dungeon Crawl Stone Soup version 0.31-a0-236-g9a0961fb85 (webtiles) character file.

Game seed: 491923230634789088

326 qw the Shooter (level 6, -8/37 HPs)
             Began as a Gargoyle Hexslinger on July 10, 2023.
             Mangled by an orc warrior
             ... wielding a +0 flail
              (11 damage)
             ... on level 4 of the Dungeon.
             The game lasted 00:01:47 (3821 turns).

qw the Shooter (Gargoyle Hexslinger)                Turns: 3821, Time: 00:01:48

Health: -8/37      AC: 12    Str: 12      XL:     6   Next: 49%
Magic:  7/7        EV: 10    Int: 13      God:
Gold:   130        SH:  0    Dex: 12 (14) Spells: 6/7 levels left

rFire   . . .        e - +2 sling (heavy)
rCold   . . .        (no shield)
rNeg    + . .        g - +0 ring mail
rPois   inf          c - +1 hat
rElec   +            (no cloak)
rCorr   .            (no gloves)
SInv    .            h - +1 pair of boots
Will    .....        (no amulet)
Stlth   +            (no ring)
HPRegen 0.26/turn    (no ring)
MPRegen 0.10/turn

%: no passive effects
@: no status effects
A: sickness immunity, AC +4, negative energy resistance 1, electricity
resistance, torment resistance 1, petrification resistance
a: no special abilities


You were on level 4 of the Dungeon.
You visited 1 branch of the dungeon, and saw 4 of its levels.

You collected 130 gold pieces.


Innate Abilities, Weirdness & Mutations

You are immune to sickness and miasma.
Your stone body is resilient. (AC +4)
You are immune to poison.
You resist negative energy. (rN+)
You are resistant to electric shocks. (rElec)
You are resistant to unholy torment.
You are immune to petrification.


   Skills:
 - Level 3.0 Fighting
 + Level 5.8 Ranged Weapons
 - Level 1.4 Armour
 - Level 1.5 Dodging
 - Level 1.0 Spellcasting
 - Level 2.6 Hexes


You had 6 spell levels left.
You knew the following spells:

 Your Spells              Type           Power      Damage    Failure   Level
a - Slow                  Hex            28%        N/A       21%         1

Your spell library contained the following spells:

 Spells                   Type           Power      Damage    Failure   Level
 Inner Flame              Hex/Fire       4%         N/A       71%         3
 Portal Projectile        Hex/Tloc       8%         N/A       71%         3
 Cause Fear               Hex            3%         N/A       90%         4

Inventory:

Hand Weapons
 e - a +2 heavy sling (weapon)
Armour
 c - a +1 hat (worn)
 g - a +0 ring mail (worn)
 h - a +1 pair of boots (worn)
 n - the +0 hat of the Pleiades {-Tele rElec Slay+3}
   (You found it on level 3 of the Dungeon)

   Slay:      It affects your accuracy & damage with ranged weapons and melee
   (+3).
   rElec:     It insulates you from electricity.
   -Tele:     It prevents most forms of teleportation.
Scrolls
 a - a scroll of revelation {unknown}
Potions
 b - a potion of heal wounds {unknown}
 d - a potion of attraction {unknown}
 f - 2 potions of curing
 i - a potion of brilliance {unknown}
 j - a potion of invisibility {unknown}
 k - a potion of haste {unknown}
 m - a potion of lignification {unknown}

Dungeon Overview and Level Annotations

Branches:
Dungeon (4/15)
 Temple: D:4-7

Altars:

Shops:
D:1 :

Annotations:
D:1 exclusion: bat


Message History

You shoot a sling bullet. The orc warrior shouts!
The sling bullet hits the orc warrior.
The orc warrior is lightly wounded.
You shoot a sling bullet.
The sling bullet barely misses the orc warrior.
You shoot a sling bullet.
The sling bullet barely misses the orc warrior.
The orc warrior hits you with a +0 flail!
You shoot a sling bullet.
The sling bullet hits the orc warrior but does no damage.
The orc warrior is lightly wounded.
The orc warrior misses you.
The orc warrior hits you but does no damage.
You shoot a sling bullet.
The sling bullet hits the orc warrior but does no damage.
The orc warrior is lightly wounded.
The orc warrior barely misses you. The orc warrior completely misses you.
You shoot a sling bullet.
The sling bullet closely misses the orc warrior.
The orc warrior hits you with a +0 flail! x2
You shoot a sling bullet. The sling bullet hits the orc warrior.
The orc warrior is lightly wounded.
The orc warrior barely misses you. The orc warrior misses you.
You shoot a sling bullet. The sling bullet hits the orc warrior.
The orc warrior is moderately wounded.
The orc warrior hits you with a +0 flail.
The orc warrior barely misses you.
You shoot a sling bullet. The sling bullet hits the orc warrior.
The orc warrior is heavily wounded.
The orc warrior barely misses you.
You shoot a sling bullet.
The sling bullet completely misses the orc warrior.
The orc warrior hits you but does no damage.
The orc warrior hits you with a +0 flail!
You shoot a sling bullet. The sling bullet hits the orc warrior.
The orc warrior is severely wounded.
The orc warrior closely misses you.
The orc warrior hits you with a +0 flail!
You die...

#.#######...
###..88
#.......#..
#......
#######.#..
#o..... #.#.###
#o#..88 #.#...# #
#.####~ #(#<..
... ). #~
#.#.###.... ...
##~
#..............
#~~
###@...........
#~~
#....o...........
#~~ #............
##~~
#.........)..
#~~~
#.....###....
#~~~ #...... ####
#~~~ #.....# #~~~
##....# #~~~ #~~~


You could see an orc warrior.

Vanquished Creatures
  A jelly (D:4)
  An orc wizard (D:4)
  7 adders
  8 gnolls
  3 worms (D:2)
  4 dart slugs
  13 orcs
  3 bats
  6 endoplasms
  4 giant cockroaches
  8 goblins
  9 hobgoblins
  3 jackals (D:3)
  9 kobolds
  2 quokkas
  11 ball pythons
  10 frilled lizards
  3 rats
105 creatures vanquished.

Notes
Turn   | Place    | Note
-------+----------+-------------------------------------------
     0 | D:1      | qw the Gargoyle Hexslinger began the quest for the Orb.
     0 | D:1      | Reached XP level 1. HP: 12/12 MP: 2/2
     0 | D:1      | 0 ||| qw: Version: 0.3-a-52-g30416fa
     0 | D:1      | 0 ||| qw: Game counter: 4820
     0 | D:1      | 0 ||| qw: Melee chars always use a shield: true
     0 | D:1      | 0 ||| qw: God list: Okawaru
     0 | D:1      | 0 ||| qw: Allow faded altars: false
     0 | D:1      | 0 ||| qw: Do Orc after clearing Dungeon:15 true
     0 | D:1      | 0 ||| qw: Do second Lair branch before Depths: true
     0 | D:1      | 0 ||| qw: Lair rune preference: random
     0 | D:1      | 0 ||| qw: Goals: Normal
     0 | D:1      | 0 ||| PLANNING D:1-11
    17 | D:1      | Found Zerheeh's Book Shop.
    19 | D:1      | 19 ||| DROPPING scroll of poison.
   188 | D:1      | Reached XP level 2. HP: 16/16 MP: 3/3
   448 | D:1      | Reached skill level 3 in Ranged Weapons
   980 | D:1      | 980 ||| UPGRADING to +0 ring mail.
   990 | D:1      | 990 ||| DROPPING +0 robe.
   991 | D:1      | 991 ||| UPGRADING to +1 pair of boots.
  1050 | D:2      | 1050 ||| FLEEEEING.
  1051 | D:2      | 1051 ||| FLEEEEING.
  1052 | D:2      | 1052 ||| FLEEEEING.
  1054 | D:2      | 1054 ||| STAIRDANCE
  1063 | D:2      | 1063 ||| STAIRDANCE
  1074 | D:2      | 1074 ||| STAIRDANCE
  1093 | D:2      | Reached XP level 3. HP: 21/21 MP: 4/4
  1102 | D:2      | Found a faded altar of an unknown god.
  1249 | D:2      | Reached skill level 1 in Armour
  1545 | D:2      | Reached XP level 4. HP: 18/26 MP: 5/5
  2124 | D:2      | 2124 ||| READING 2 scrolls labelled GUNKAK VI CASE.
  2129 | D:2      | 2129 ||| READING scroll labelled TILAOF NENLE.
  2130 | D:2      | 2130 ||| READING scroll labelled ZOARPHA WAEZUIQ.
  2131 | D:2      | 2131 ||| DRINKING 2 fuming dark potions.
  2148 | D:3      | 2148 ||| STAIRDANCE
  2162 | D:2      | Reached skill level 4 in Ranged Weapons
  2204 | D:3      | 2204 ||| STAIRDANCE
  2273 | D:3      | 2273 ||| STAIRDANCE
  2308 | D:3      | 2308 ||| STAIRDANCE
  2367 | D:3      | 2367 ||| STAIRDANCE
  2416 | D:3      | 2416 ||| STAIRDANCE
  2459 | D:3      | Reached XP level 5. HP: 30/30 MP: 6/6
  2465 | D:3      | 2465 ||| STAIRDANCE
  2724 | D:3      | 2724 ||| Stepping ~*~*~tactically~*~*~ (outnumbered).
  2732 | D:3      | Reached skill level 5 in Ranged Weapons
  2915 | D:3      | Identified the +0 hat of the Pleiades {-Tele rElec Slay+3}
  2995 | D:3      | 2995 ||| UPGRADING to +1 hat.
  3000 | D:3      | 3000 ||| READING scroll labelled DIMUCU NOBROPH.
  3001 | D:3      | 3001 ||| DRINKING 2 cyan potions.
  3002 | D:3      | 3002 ||| DROPPING potion of degeneration.
  3263 | D:4      | 3263 ||| Stepping ~*~*~tactically~*~*~ (outnumbered).
  3269 | D:4      | Reached skill level 3 in Fighting
  3273 | D:4      | HP: 4/32 [gnoll/+0 flail (5)]
  3274 | D:4      | 3274 ||| READING 2 scrolls of teleportation.
  3277 | D:4      | Reached XP level 6. HP: 5/37 MP: 7/7
  3585 | D:4      | Noticed an orc warrior
  3597 | D:4      | HP: 9/37 [orc/+0 whip (3)]
  3598 | D:4      | 3598 ||| READING scroll of teleportation.
  3620 | D:4      | 3620 ||| FLEEEEING.
  3621 | D:4      | 3621 ||| FLEEEEING.
  3622 | D:4      | 3622 ||| FLEEEEING.
  3624 | D:4      | 3624 ||| FLEEEEING.
  3627 | D:4      | 3627 ||| FLEEEEING.
  3628 | D:4      | 3628 ||| FLEEEEING.
  3629 | D:4      | 3629 ||| FLEEEEING.
  3630 | D:4      | 3630 ||| FLEEEEING.
  3631 | D:4      | 3631 ||| FLEEEEING.
  3632 | D:4      | 3632 ||| FLEEEEING.
  3633 | D:4      | 3633 ||| FLEEEEING.
  3634 | D:4      | 3634 ||| FLEEEEING.
  3636 | D:4      | 3636 ||| FLEEEEING.
  3637 | D:4      | 3637 ||| FLEEEEING.
  3638 | D:4      | 3638 ||| STAIRDANCE
  3707 | D:3      | 3707 ||| READING scroll labelled VESTRO IDINA.
  3708 | D:3      | 3708 ||| READING scroll labelled TOOBUA LOLACS.
  3709 | D:3      | 3709 ||| READING 3 scrolls labelled LOSHYTH PEFUCS.
  3710 | D:3      | 3710 ||| READING scroll labelled ICHEOXT VOPETH.
  3734 | D:3      | 3734 ||| DROPPING 2 scrolls of blinking.
  3820 | D:4      | HP: 2/37 [orc warrior/+0 flail (10)]
  3821 | D:4      | Mangled by an orc warrior

Levels and vault maps discovered:
D:1:      enne_arrival_octagon_isle, layout_basic, serial_shops, shop_statue
D:2:      cheibrodos_helix_gallery, layout_basic,
          shapermc_ecumenical_altar_petra, minmay_guardbox
D:3:      layout_rooms, minmay_unequal
D:4:      wander_river, layout_basic

Skill      XL: |  1  2  3  4  5 |
---------------+----------------+-----
Ranged Weapons | 3 4 5 |  5.8
Fighting       | 2 3 |  3.0
Armour         | 1 |  1.4
Dodging        | |  1.5
Spellcasting   | |  1.0
Hexes          | |  2.6

Action                     |  1- 3 |  4- 6 || total
---------------------------+-------+-------++-------
   Fire: Sling             |   115 |   294 ||   409
    Use: Scroll            |       |    10 ||    10
         Potion            |       |     2 ||     2
 Armour: Ring mail         |    36 |   109 ||   145
         Robe              |     1 |       ||     1
  Dodge: Dodged            |    37 |   161 ||   198

Table legend:
 A = Non-vault XP
 B = Vault XP
 C = Vault XP percentage of total XP
 D = Non-vault monster count
 E = Vault monster count
 F = Vault count percentage of total count
                 A         B        C        D         E       F
            +---------+---------+-------+---------+---------+-------
      Total |     419 |      47 |  10.1 |      86 |      19 |  18.1
            +---------+---------+-------+---------+---------+-------
        D:1 |      28 |       0 |   0.0 |      17 |       0 |   0.0
        D:2 |      93 |      33 |  26.2 |      21 |      14 |  40.0
        D:3 |      83 |      14 |  14.4 |      24 |       5 |  17.2
        D:4 |     215 |       0 |   0.0 |      24 |       0 |   0.0
            +---------+---------+-------+---------+---------+-------
